 Dungeon Crawl Stone Soup version 0.23-a0-32-g1388f29 (webtiles) character file.

7306 inc the Thaumaturge (level 10, -1/74 HPs)
             Began as a Mummy Fire Elementalist on Aug 4, 2018.
             Was a Priest of Ashenzari.
             Slain by an enormous slime creature (59 damage)
             ... on level 9 of the Dungeon.
             The game lasted 00:25:17 (14067 turns).

inc the Thaumaturge (Mummy Fire Elementalist)      Turns: 14067, Time: 00:25:18

Health: -1/74      AC:  8    Str: 12    XL:     10   Next: 90%
Magic:  1/25       EV: 12    Int: 22    God:    Ashenzari [***...]
Gold:   728        SH:  0    Dex: 12    Spells: 15/31 levels left

rFire    . . .     SeeInvis +   k - +1 falchion (flame) (curse)
rCold    . . .     Gourm    .   (no shield)
rNeg     + + +     Faith    .   a - +1 robe
rPois    ∞         Spirit   .   d - +1 helmet (curse)
rElec    .         Reflect  .   (no cloak)
rCorr    .         Harm     .   n - +2 pair of gloves (curse)
MR       +....                  (no boots)
Stlth    ++........             (no amulet)
HPRegen  0.22/turn              h - ring of fire (curse)
MPRegen  0.19/turn              y - +4 ring of intelligence

@: no status effects
A: no food or potions, fire vulnerability, cold resistance 1, negative energy
resistance 3, torment resistance, unbreathing
a: Curse Item, Scrying, Renounce Religion


You were on level 9 of the Dungeon.
You worshipped Ashenzari.
Ashenzari was most pleased with you.
You were not hungry.

You visited 2 branches of the dungeon, and saw 11 of its levels.
You also visited: Bailey.

You collected 728 gold pieces.

Inventory:

Hand Weapons
 b - a +0 dagger
 e - a +0 whip
 k - a cursed +1 falchion of flaming (weapon)
Armour
 a - a +1 robe (worn)
 d - a cursed +1 helmet (worn)
 n - a cursed +2 pair of gloves (worn)
 A - a +1 leather armour of cold resistance
Jewellery
 f - an uncursed ring of poison resistance
 h - a cursed ring of fire (left hand)
 j - an uncursed ring of positive energy
 q - an uncursed ring of ice
 r - a +2 ring of strength
 y - a +4 ring of intelligence (right hand)
 z - an uncursed ring of poison resistance
 B - the ring "Attu" {Wiz *Contam rC++ Str+4}
   (You found it on level 7 of the Dungeon)

   [ring of wizardry]

   It improves your spell success rate.
   It affects your strength (+4).
   It greatly protects you from cold.
   It causes magical contamination when unequipped.
 E - an uncursed ring of ice
Wands
 w - a wand of flame (14)
 x - a wand of iceblast (4)
 F - a wand of polymorph (14)
 G - a wand of disintegration (13)
Scrolls
 c - 7 scrolls of teleportation
 g - a scroll of random uselessness
 i - 3 scrolls of immolation
 l - a scroll of noise
 m - a scroll of blinking
 o - 3 scrolls of enchant weapon
 p - a scroll of fear
 s - 2 scrolls of amnesia
 t - 2 scrolls of remove curse
 u - a scroll of enchant armour
 v - 3 scrolls of fog
 C - 2 scrolls of identify
Potions
 D - 3 potions of curing


   Skills:
 + Level 5.5 Fighting
 - Level 1.5 Dodging
 - Level 1.5 Stealth
 - Level 11.0 Spellcasting
 - Level 8.0 Conjurations
 - Level 8.0 Fire Magic


You had 15 spell levels left.
You knew the following spells:

 Your Spells              Type           Power        Failure   Level  Hunger
a - Flame Tongue          Conj/Fire      #####        1%          1    N/A
b - Conjure Flame         Conj/Fire      ######..     1%          3    N/A
c - Sticky Flame          Conj/Fire      ######..     1%          4    N/A
d - Inner Flame           Hex/Fire       #####...     3%          3    N/A
f - Fireball              Conj/Fire      ######....   5%          5    N/A

Your spell library contained the following spells:

 Spells                   Type           Power        Failure   Level  Hunger
 Throw Flame              Conj/Fire      ######       1%          2    N/A

Dungeon Overview and Level Annotations

Branches:
Dungeon (10/15)            Temple (1/1) D:4
   Lair: D:8-11         Orc: D:9-12

Altars:
Ashenzari
Dithmenos
Fedhas
Gozag
Hepliaklqana
Kikubaaqudgha
Makhleb
Nemelex Xobeh
Qazlal
Sif Muna
Trog
Uskayaw
Vehumet
Xom
Yredelemnul
Zin
The Shining One

Shops:
D:5 =

Annotations:
D:6 Dowan
D:8 Harold


Innate Abilities, Weirdness & Mutations

You do not eat or drink.
Your flesh is vulnerable to fire.
You are immune to poison.
Your flesh is cold resistant. (rC+)
You are immune to negative energy. (rN+++)
You are immune to unholy pain and torment.
You can survive without breathing.


Message History

The sticky flame hits the enormous slime creature.
The enormous slime creature is severely wounded.
The enormous slime creature is covered in liquid flames!
The enormous slime creature burns!
The enormous slime creature is engulfed in blazing flames.
The enormous slime creature barely misses you.
Casting: Sticky Flame (safe; 1% risk of failure)
Confirm with . or Enter, or press ? or * to list all spells.
You don't have enough magic to cast that spell.
You hit the enormous slime creature. You burn the enormous slime creature.
The enormous slime creature is severely wounded.
The enormous slime creature burns! x2
The enormous slime creature is engulfed in blazing flames.
The enormous slime creature misses you.
You riposte.
You hit the enormous slime creature. You burn the enormous slime creature.
The enormous slime creature is severely wounded.
The enormous slime creature is engulfed in blazing flames.
The enormous slime creature hits you!!!
Ouch! That really hurt!
You die...

#..# #. #..# #.
###########..###################.
...........J.....................
########.##################......
#J# #..#### ########.# #..#
.........##################..####
........)....§§J@................
......#############..............
#####.# #..############ #.# #..#
#.# #..# #.# #..#
#.#############..############
#........<...................
#############################


You could see an enormous slime creature (burning).

Vanquished Creatures
  An unseen horror (D:10)
  Pikel (D:6)
  2 orc knights (Bailey)
  Joseph (D:7)
  Prince Ribbit (D:6)
  3 hippogriffs
  Eustachio (D:6)
  Edmund (D:5)
  Duvessa (D:6)
  14 orc warriors
  An ice beast (D:9)
  2 slaves (D:6)
  3 eyes of draining (D:9)
  A phantom (D:9)
  2 centaurs
  2 ogres
  2 bullfrogs
  3 scorpions
  11 wights
  3 howler monkeys
  5 hounds
  A gnoll shaman (D:7)
  3 jellies
  A bullfrog skeleton (D:7)
  A centaur skeleton (D:5)
  2 iguanas
  2 orc wizards
  5 worker ants
  2 killer bee zombies (D:7)
  2 hound zombies
  2 hound skeletons
  16 gnolls
  A worker ant zombie (D:6)
  17 adders
  An ooze (D:2)
  A worm (D:6)
  5 leopard geckos
  31 orcs
  4 ball pythons
  10 bats
  3 giant cockroaches
  2 gnoll zombies (D:2)
  31 goblins
  25 hobgoblins
  20 jackals
  4 kobolds
  A quokka (D:10)
  3 frilled lizards
  A giant cockroach zombie (D:6)
  A jackal skeleton (D:7)
  3 leopard gecko zombies
  9 rats
271 creatures vanquished.

Vanquished Creatures (others)
  5 dream sheep (D:6)
  A slave (D:8)
  An adder zombie (D:6)
7 creatures vanquished.

Grand Total: 278 creatures vanquished

Notes
Turn   | Place    | Note
-------+----------+-------------------------------------------
     0 | D:1      | inc the Mummy Fire Elementalist began the quest for the Orb.
     0 | D:1      | Reached XP level 1. HP: 13/13 MP: 4/4
    25 | D:1      | Reached skill level 1 in Conjurations
   328 | D:1      | Reached XP level 2. HP: 19/19 MP: 3/5
  1197 | D:1      | Reached XP level 3. HP: 24/24 MP: 4/7
  1202 | D:1      | Learned a level 3 spell: Conjure Flame
  1415 | D:2      | Found a shattered altar of Ashenzari.
  1431 | D:2      | Became a worshipper of Ashenzari the Shackled
  1934 | D:2      | Reached skill level 3 in Spellcasting
  1982 | D:2      | Reached XP level 4. HP: 17/30 MP: 0/8
  2333 | D:2      | Found a glowing golden altar of the Shining One.
  2563 | D:2      | Reached XP level 5. HP: 32/35 MP: 5/10
  2744 | D:2      | Found a basalt altar of Yredelemnul.
  3097 | D:3      | Reached skill level 4 in Spellcasting
  3157 | D:3      | Learned a level 4 spell: Sticky Flame
  3626 | D:3      | Reached * piety under Ashenzari
  4050 | D:4      | Reached XP level 6. HP: 34/41 MP: 7/12
  4373 | D:4      | Found a hide-covered altar of Uskayaw.
  4585 | D:4      | Found a staircase to the Ecumenical Temple.
  4594 | Temple   | Entered the Ecumenical Temple
  4716 | D:5      | Entered Level 5 of the Dungeon
  4716 | D:5      | Found Fuoric's Jewellery Shop.
  4777 | D:5      | Reached skill level 5 in Spellcasting
  4918 | D:5      | Noticed Edmund
  4929 | D:5      | Killed Edmund
  4929 | D:5      | Reached XP level 7. HP: 37/46 MP: 0/15
  5138 | D:5      | Found a radiant altar of Vehumet.
  5138 | D:5      | Found a stormy altar of Qazlal.
  5140 | D:5      | Found a burning altar of Makhleb.
  5141 | D:5      | Found an ancient bone altar of Kikubaaqudgha.
  5143 | D:5      | Found a blossoming altar of Fedhas.
  5527 | D:5      | Reached skill level 6 in Spellcasting
  5667 | D:5      | Found a deep blue altar of Sif Muna.
  5938 | D:6      | Noticed a hippogriff
  5948 | D:6      | Killed a hippogriff
  5948 | D:6      | Reached skill level 5 in Conjurations
  5948 | D:6      | Reached skill level 5 in Fire Magic
  5948 | D:6      | Reached XP level 8. HP: 29/52 MP: 8/18
  6090 | D:6      | Noticed Prince Ribbit
  6332 | D:6      | Reached ** piety under Ashenzari
  6592 | D:6      | Noticed Eustachio
  6627 | D:6      | Killed Eustachio
  6627 | D:6      | Reached skill level 7 in Spellcasting
  6752 | D:6      | Noticed Pikel
  6882 | D:6      | Noticed Dowan
  6883 | D:6      | Noticed Duvessa
  6901 | D:6      | Killed Duvessa
  7068 | D:6      | Found a radiant altar of Vehumet.
  7311 | D:6      | Learned a level 3 spell: Inner Flame
  7362 | D:6      | Found a shimmering altar of Xom.
  7362 | D:6      | Noticed a dream sheep
  7362 | D:6      | Noticed a dream sheep
  7362 | D:6      | Noticed a dream sheep
  7362 | D:6      | Noticed a dream sheep
  7362 | D:6      | Noticed a dream sheep
  7367 | D:6      | Killed a dream sheep
  7367 | D:6      | Killed a dream sheep
  7367 | D:6      | Killed a dream sheep
  7367 | D:6      | Killed a dream sheep
  7369 | D:6      | Killed a dream sheep
  7594 | D:6      | Killed Prince Ribbit
  7604 | D:6      | Killed Pikel
  7604 | D:6      | Reached skill level 8 in Spellcasting
  7604 | D:6      | Reached XP level 9. HP: 57/57 MP: 2/21
  8132 | D:7      | Noticed Joseph
  8145 | D:7      | Killed Joseph
  8145 | D:7      | Reached skill level 9 in Spellcasting
  8240 | D:7      | Found a flagged portal.
  8321 | Bailey   | Entered a bailey
  8503 | Bailey   | Learned a level 5 spell: Fireball
  9130 | Bailey   | Noticed an orc knight
  9145 | Bailey   | Killed an orc knight
  9179 | Bailey   | Reached skill level 10 in Spellcasting
  9549 | Bailey   | Reached XP level 10. HP: 63/63 MP: 12/24
  9586 | Bailey   | Noticed an orc knight
  9791 | Bailey   | Killed an orc knight
  9855 | Bailey   | Noticed an orc warlord
 10961 | D:7      | Identified the ring "Attu" {Wiz *Contam rC++ Str+4}
 12018 | D:8      | Noticed Harold
 12323 | D:9      | Reached skill level 11 in Spellcasting
 12505 | D:9      | Found an opulent altar of Gozag.
 12591 | D:9      | Found a bloodstained altar of Trog.
 12608 | D:9      | Reached skill level 1 in Fighting
 12788 | D:8      | Reached *** piety under Ashenzari
 12798 | D:8      | HP: 2/67 [Harold/long sword of holy wrath (4)]
 13726 | D:10     | Entered Level 10 of the Dungeon
 13726 | D:10     | Noticed an unseen horror
 13731 | D:10     | Killed an unseen horror
 13731 | D:10     | Reached skill level 5 in Fighting
 14067 | D:9      | Slain by an enormous slime creature

Vault maps used:
D:1:      eino_arrival_water_star, serial_bayou_ford_a
D:2:      nicolae_overflow_hidden_temple, lemuel_zombie_altar_yredelemnul,
          ashenzari_altar_1
D:3:      serial_undead, serial_undead_f, serial_undead_e, serial_undead_f,
          serial_undead_e, guppyfry_early_orc_mine
D:4:      lemuel_doored_altar, temple_hall, first_ration
D:5:      lemuel_blue_sif_altar, minitemple, serial_shops, shop, uniq_edmund
D:6:      kb_xom_exploding_sheep, basic_altar, small_statue_intersection,
          uniq_duvessa, uniq_prince_ribbit1, uniq_eustachio, uniq_pikel
D:7:      enter_bailey_3, uniq_joseph
D:8:      uniq_harold, uniq_maurice, uniq_psyche
D:9:      old_standard_altar, trog_eyes_of_draining
D:10:     hangedman_tell_no_tales
Temple:   dpeg_three_leaves_temple
Bailey:   bailey_axe_minmay_hex_keep, bailey

Skill      XL: |  1  2  3  4  5  6  7  8  9 10 |
---------------+-------------------------------+-----
Conjurations   | 1 2 3 4 5 6 7 8 |  8.0
Spellcasting   | 3 4 5 6 8 10 11 | 11.0
Fire Magic     | 3 4 5 6 7 8 |  8.0
Fighting       | 5 |  5.5
Dodging        | |  1.5
Stealth        | |  1.5

Action                   |  1- 3 |  4- 6 |  7- 9 | 10-12 || total
-------------------------+-------+-------+-------+-------++-------
Melee: Unarmed           |    13 |       |       |       ||    13
       Whip              |    13 |       |       |       ||    13
       Dagger            |     6 |       |       |       ||     6
       Falchion          |     2 |     4 |    19 |    22 ||    47
 Cast: Flame Tongue      |    73 |   140 |   255 |   222 ||   690
       Conjure Flame     |       |     2 |     9 |    10 ||    21
       Sticky Flame      |       |     1 |    14 |    19 ||    34
       Inner Flame       |       |       |     6 |     4 ||    10
       Fireball          |       |       |       |     2 ||     2
Invok: Curse Item        |     1 |     2 |     1 |       ||     4
  Use: Scroll            |       |     9 |     3 |     3 ||    15
Armor: Robe              |    12 |    19 |    31 |    16 ||    78
Dodge: Dodged            |    44 |    51 |    65 |    59 ||   219
       Rpst.: Falchion   |     1 |    13 |    15 |    18 ||    47

Table legend:
 A = Spawn XP
 B = Non-spawn XP
 C = Spawn XP percentage of total XP
 D = Spawn monster count
 E = Non-spawn monster count
 F = Spawn count percentage of total count
 G = Total turns spent on level
                    A         B        C        D         E        F      G
               +---------+---------+-------+---------+---------+-------+---------
         Total |       0 |   10438 |   0.0 |       0 |     269 |   0.0 | 14067
               +---------+---------+-------+---------+---------+-------+---------
           D:1 |       0 |      41 |   0.0 |       0 |      25 |   0.0 |  1410
           D:2 |       0 |     163 |   0.0 |       0 |      31 |   0.0 |  1421
           D:3 |       0 |     132 |   0.0 |       0 |      31 |   0.0 |   927
           D:4 |       0 |     173 |   0.0 |       0 |       4 |   0.0 |   948
           D:5 |       0 |     582 |   0.0 |       0 |      17 |   0.0 |  1333
           D:6 |       0 |    1916 |   0.0 |       0 |      24 |   0.0 |  1872
           D:7 |       0 |    1119 |   0.0 |       0 |      27 |   0.0 |  1979
           D:8 |       0 |     576 |   0.0 |       0 |      13 |   0.0 |   533
           D:9 |       0 |    1596 |   0.0 |       0 |      17 |   0.0 |  1489
          D:10 |       0 |    1029 |   0.0 |       0 |      12 |   0.0 |   145
        Bailey |       0 |    3111 |   0.0 |       0 |      68 |   0.0 |  2000
               +---------+---------+-------+---------+---------+-------+---------
